Map: Oxide LE

Players

milkicow

  • Race: Terran Terran
  • League: Grandmaster

MaxPax - Winner!

  • Race: Protoss Protoss
  • League: Grandmaster

Event: DreamHack SC2 Masters 2021 Summer

VOD

Have the link to the VOD?

Description

Time

  • Played on: May 25, 2021, 12:46 p.m.
  • Length: 8:00

All games in this series

Show
View Real Time Build Order
Export as new Build Order

milkicow Terran 

Build Orders:  

Get SALT Encoding   

  12  0:00  SCV  
  13  0:13  SCV  
  14  0:17  Supply Depot  
  14  0:25  SCV  
  15  0:38  SCV  
  15  0:40  Barracks  
  16  0:43  Refinery  
  16  0:52  SCV  
  17  1:04  SCV  
  18  1:16  SCV  
  19  1:28  Orbital Command, Marine  
  20  1:43  Command Center  
  20  1:53  Factory  
  20  1:55  SCV  
  21  2:04  Barracks Reactor  
  21  2:10  Bunker  
  21  2:13  SCV  
  22  2:16  Supply Depot  
  22  2:22  Refinery  
  22  2:26  SCV  
  23  2:38  SCV  
  23  2:42  Starport  
  24  2:46  Hellion  
  24  2:50  Hellion  
  28  2:54  SCV  
  29  3:01  Orbital Command  
  29  3:08  SCV  
  29  3:09  Widow Mine  
  29  3:12  Widow Mine  
  34  3:19  Medivac  
  36  3:20  SCV  
  36  3:23  Barracks Tech Lab  
  37  3:29  SCV  
  37  3:31  Widow Mine  
  37  3:32  SCV  
  41  3:36  Widow Mine  
  44  3:41  SCV  
  44  3:44  SCV  
  44  3:45  Supply Depot  
  44  3:48  Refinery  
  45  3:53  SCV  
  46  4:04  Supply Depot  
  46  4:06  Starport Tech Lab, Marine x2  
  46  4:07  SCV, Cyclone  
  46  4:09  SCV  
  53  4:19  SCV  
  54  4:25  SCV, Marine x2  
  54  4:31  SCV, Raven  
  56  4:37  SCV  
  57  4:43  SCV, Marine x2  
  60  4:50  SCV  
  56  4:55  SCV  
  55  5:01  Marine, Siege Tank  
  55  5:02  SCV  
  59  5:07  SCV  
  59  5:14  SCV  
  56  5:19  SCV  
  51  5:29  SCV  
  51  5:34  SCV  
  50  5:35  Marine  
  50  5:41  SCV  
  50  5:44  Command Center  
  50  5:48  SCV  
  51  5:55  SCV  
  52  6:01  SCV, Marine x2  
  55  6:04  Viking  
  55  6:09  Barracks  
  55  6:10  Supply Depot  
  58  6:11  SCV  
  58  6:19  Marine x2  
  58  6:21  SCV  
  58  6:23  SCV  
  61  6:33  SCV  
  61  6:37  Marine x2  
  64  6:43  SCV  
  64  6:46  SCV  
  65  6:52  Siege Tank  
  64  7:03  SCV  
  58  7:08  SCV, Marine  
  58  7:12  Refinery, Marine  
  58  7:15  SCV  
  61  7:20  SCV  
  61  7:22  Bunker  
  62  7:25  Supply Depot  
  62  7:26  Marine  
  62  7:29  SCV  
  64  7:32  SCV  
  64  7:33  Marine  
  66  7:39  Engineering Bay  
  66  7:40  Barracks, Marine  
  66  7:41  SCV  
  68  7:44  SCV, Supply Depot x2  
Show
View Real Time Build Order
Export as new Build Order

MaxPax Protoss - Winner!

Build Orders: 1 Gate Expand, Zealot Archon, Archon Drop, Dark Templar Rush 

Get SALT Encoding   

  12  0:00  Probe  
  13  0:12  Probe  
  14  0:17  Pylon  
  14  0:24  Probe (Chrono Boost)  
  16  0:36  Probe (Chrono Boost)  
  16  0:39  Gateway  
  16  0:43  Probe (Chrono Boost)  
  16  0:46  Assimilator  
  17  0:51  Probe  
  18  1:03  Probe  
  19  1:15  Probe  
  20  1:26  Cybernetics Core  
  20  1:33  Nexus  
  20  1:40  Pylon  
  20  1:41  Probe  
  21  1:48  Assimilator  
  21  1:54  Probe (Chrono Boost)  
  21  2:02  Warp Gate, Adept  
  21  2:06  Probe (Chrono Boost)  
  24  2:13  Probe (Chrono Boost)  
  25  2:20  Probe (Chrono Boost)  
  26  2:24  Twilight Council  
  26  2:32  Probe (Chrono Boost), Adept  
  29  2:37  Probe (Chrono Boost)  
  30  2:45  Probe (Chrono Boost)  
  30  2:49  Robotics Facility  
  32  2:52  Probe (Chrono Boost)  
  32  2:55  Probe (Chrono Boost)  
  33  2:59  Probe (Chrono Boost)  
  33  3:00  Probe (Chrono Boost)  
  35  3:11  Probe  
  35  3:12  Probe  
  37  3:14  Dark Shrine  
  37  3:21  Gateway  
  37  3:23  Probe  
  37  3:24  Gateway  
  39  3:33  Warp Prism (Chrono Boost)  
  39  3:35  Probe  
  39  3:38  Probe  
  42  3:47  Pylon  
  42  3:48  Probe  
  43  3:51  Shield Battery  
  43  3:52  Probe  
  43  3:54  Pylon  
  44  4:00  Probe  
  44  4:01  Assimilator  
  44  4:04  Probe  
  44  4:07  Pylon  
  45  4:12  Probe  
  45  4:15  Assimilator  
  45  4:16  Probe  
  47  4:19  Shield Battery  
  47  4:22  Stalker  
  49  4:29  Dark Templar  
  49  4:30  Dark Templar  
  50  4:36  Probe x2  
  49  4:48  Probe  
  49  4:51  Probe  
  49  5:00  Probe  
  49  5:01  Dark Templar  
  52  5:07  Dark Templar  
  52  5:09  Probe  
  54  5:16  Probe  
  50  5:21  Probe  
  50  5:28  Probe  
  47  5:29  Blink (Chrono Boost)  
  47  5:33  Probe  
  43  5:40  Probe (Chrono Boost)  
  44  5:46  Probe (Chrono Boost)  
  45  5:52  Probe (Chrono Boost)  
  45  5:55  Probe (Chrono Boost), Dark Templar x2  
  51  5:58  Probe (Chrono Boost)  
  51  5:59  Archon  
  51  6:00  Probe (Chrono Boost)  
  51  6:01  Archon  
  51  6:04  Observer (Chrono Boost)  
  54  6:06  Probe  
  55  6:12  Probe, Nexus  
  56  6:18  Probe  
  56  6:24  Probe  
  58  6:31  Probe  
  59  6:33  Stalker x3  
  59  6:39  Probe  
  59  6:43  Probe  
  55  7:02  Probe  
  55  7:03  Probe  
  55  7:06  Stalker x2  
  55  7:07  Stalker  
  63  7:16  Probe (Chrono Boost)  
  63  7:20  Probe (Chrono Boost)  
  64  7:25  Probe (Chrono Boost), Pylon  
  64  7:27  Pylon  
  64  7:28  Probe x2 (Chrono Boost)  
  64  7:29  Stalker x2  
  71  7:30  Stalker  
  71  7:34  Pylon  
  71  7:35  Probe  
  74  7:40  Probe x2  
  76  7:47  Probe  
Tags
 
Add a new tag
Caveats
  • Supply blocks, unpowered buildings, or Contaminate may cause inaccurate times.
  • Supply counts are checked every 10 seconds.